 Dungeon Crawl Stone Soup version 0.29-a0-321-gf1c400731a (webtiles) character file.

Game seed: 11479568058249792742

394 spaghetti the Conjurer (level 6, 0/45 HPs)
             Began as a Demigod Conjurer on Apr 4, 2022.
             Slain by a gnoll
             ... wielding a +0 halberd
              (15 damage)
             ... on level 5 of the Dungeon.
             The game lasted 00:08:05 (4598 turns).

spaghetti the Conjurer (Demigod Conjurer)           Turns: 4598, Time: 00:08:06

Health: 0/45       AC:  2    Str:  8    XL:     6   Next: 26%
Magic:  0/16       EV: 12    Int: 28    God:
Gold:   156        SH:  0    Dex: 12    Spells: 2/14 levels left

rFire   . . .      SeeInvis .   T - +1 hand axe (venom) {axe}
rCold   . . .      Faith    .   (no shield)
rNeg    + . .      Spirit   +   a - +0 robe
rPois   .          Reflect  .   (no helmet)
rElec   .          Harm     .   (no cloak)
rCorr   .          Rampage  .   (no gloves)
Will    .....                   (no boots)
Stlth   ++........              J - amulet of guardian spirit
HPRegen 0.15/turn               r - ring of positive energy
MPRegen 0.15/turn               (no ring)

@: no status effects
A: high MP 1, forlorn, divine attributes
a: no special abilities


You were on level 5 of the Dungeon.
You visited 1 branch of the dungeon, and saw 5 of its levels.

You collected 156 gold pieces.


Innate Abilities, Weirdness & Mutations

You have an increased reservoir of magic. (+10% MP)
You shall have no god before yourself.
Your divine heritage dramatically boosts your attributes as you level up.


   Skills:
 - Level 1.7 Dodging
 - Level 1.7 Stealth
 + Level 4.6 Spellcasting
 * Level 5.3 Conjurations


You had 2 spell levels left.
You knew the following spells:

 Your Spells              Type           Power      Damage    Failure   Level
a - Magic Dart            Conj           100%       1d8       1%          1
b - Searing Ray           Conj           72%        2d7       1%          2
c - Fulminant Prism       Conj/Hex       10%        3d9       22%         4
d - Iskenderun's Battles  Conj           36%        2d9       22%         5

Your spell library contained the following spells:

 Spells                   Type           Power      Damage    Failure   Level
 Dazzling Flash           Conj/Hex       42%        N/A       7%          3
 Iskenderun's Mystic Bla  Conj/Tloc      21%        2d6       22%         4
 Iron Shot                Conj/Erth      10%        9d3       98%         6
 Spellforged Servitor     Conj/Summ      10%        N/A       100%        7

Inventory:

Hand Weapons
 e - a +0 club {mace}
   (You took it off a goblin on level 1 of the Dungeon)
 f - a +0 dagger {short}
   (You found it on level 1 of the Dungeon)
 g - a +0 whip {mace}
   (You found it on level 1 of the Dungeon)
 h - a +0 long sword {long}
   (You found it on level 1 of the Dungeon)
 l - a +0 dagger {short}
   (You took it off a kobold on level 1 of the Dungeon)
 m - a +0 short sword {short}
   (You took it off Terence on level 1 of the Dungeon)
 n - a +0 club {mace}
   (You found it on level 1 of the Dungeon)
 p - a +0 club {mace}
   (You took it off a kobold on level 1 of the Dungeon)
 t - a +0 club {mace}
   (You took it off an orc on level 2 of the Dungeon)
 u - a +0 short sword {short}
   (You found it on level 2 of the Dungeon)
 v - a +0 dagger {short}
   (You took it off a goblin on level 2 of the Dungeon)
 w - a +0 dagger {short}
   (You took it off Jessica on level 2 of the Dungeon)
 y - a +0 dagger {short}
   (You took it off a kobold on level 2 of the Dungeon)
 B - a +0 trident {polearm}
   (You found it on level 2 of the Dungeon)
 C - a +0 club {mace}
   (You took it off a goblin on level 2 of the Dungeon)
 E - a +0 club {mace}
   (You took it off a goblin on level 2 of the Dungeon)
 F - a +0 spear {polearm}
   (You found it on level 3 of the Dungeon)
 G - a +0 dagger {short}
   (You took it off a kobold on level 3 of the Dungeon)
 I - a +0 dagger {short}
   (You found it on level 3 of the Dungeon)
 K - a +0 short sword {short}
   (You took it off a kobold on level 3 of the Dungeon)
 L - a +0 whip {mace}
   (You took it off a kobold on level 3 of the Dungeon)
 M - a +0 dagger {short}
   (You took it off a goblin on level 3 of the Dungeon)
 N - a +1 dagger of speed {short}
   (You took it off a goblin on level 3 of the Dungeon)
 T - a +1 hand axe of venom (weapon) {axe}
   (You took it off an orc on level 4 of the Dungeon)
Missiles
 d - 167 stones {throwing}
 k - 14 poisoned darts {throwing}
 A - 5 boomerangs {throwing}
Armour
 a - a +0 robe (worn)
 O - a +0 kite shield
   (You took it off a goblin on level 3 of the Dungeon)
Magical Staves
 Q - a staff of air {!astaff}
   (You found it on level 3 of the Dungeon)
Jewellery
 j - a ring of positive energy
   (You took it off an orc on level 4 of the Dungeon)
 r - a ring of positive energy (left hand)
   (You found it on level 1 of the Dungeon)
 J - an amulet of guardian spirit (around neck)
   (You took it off an orc on level 4 of the Dungeon)
Scrolls
 c - a scroll of noise {!r}
 i - 2 scrolls of fear
 o - 2 scrolls of holy word
 q - a scroll of blinking {!r}
 s - a scroll of enchant weapon
 x - a scroll of summoning
 D - 2 scrolls of identify {@r1}
Potions
 b - 2 potions of magic
 z - 4 potions of curing {unknown}
 H - a potion of resistance {unknown}
 P - a potion of degeneration {unknown}
 R - a potion of mutation {unknown}
 S - 2 potions of attraction {unknown}

Dungeon Overview and Level Annotations

Branches:
Dungeon (5/15)
 Temple: D:4-7

Shops:
D:2 :((! D:3

= #.... ##......#
#....#####.......# .
#....#...#.......# ..
#........#.......## ...
#........##......'. ....
#...............##
....)###................
.....g.#............<...
.....g.@..............##
##...g.###..............
#..... ###.....#......
.....*. #.....#......
....... #.....+......
$...... .....#......
....... ....#......
....... ........
........


You could see 3 gnolls and a friendly battlesphere.


Message History

Done exploring.
(D) Dungeon
Where to? (Enter - D:4, ? - help)
There is a stone staircase leading down here.
You climb downwards.
The ufetubus shouts!
There is a stone staircase leading up here.
An ufetubus is nearby!
Unknown command.
Unknown command.
An ufetubus is nearby!
The magic dart hits the ufetubus but does no damage. 😎 MP[-1]
You lost 1 mp, and now have 15/16 mp.
The magic dart hits the ufetubus.
The ufetubus closely misses you. The ufetubus hits you.
The ufetubus barely misses you.
The ufetubus misses you. 😕 HP[-2] MP[-2]
You take 2 damage, and now have 43/45 hp.
You lost 2 mp, and now have 13/16 mp.
The magic dart hits the ufetubus.
The ufetubus hits you.
The ufetubus closely misses you. 😕 HP[-2] MP[-1]
You take 2 damage, and now have 41/45 hp.
You lost 1 mp, and now have 12/16 mp.
The magic dart hits the ufetubus.
You kill the ufetubus! 😕 HP[+1] MP[-1]
You lost 1 mp, and now have 11/16 mp.
You can't see any susceptible monsters within range! (Use Z to cast anyway.)
You can't see any susceptible monsters within range! (Use Z to cast anyway.)
You can't see any susceptible monsters within range! (Use Z to cast anyway.)
You can't see any susceptible monsters within range! (Use Z to cast anyway.)
You can't see any susceptible monsters within range! (Use Z to cast anyway.)
You can't see any susceptible monsters within range! (Use Z to cast anyway.)
You can't see any susceptible monsters within range! (Use Z to cast anyway.)
You can't see any susceptible monsters within range! (Use Z to cast anyway.)
You can't see any susceptible monsters within range! (Use Z to cast anyway.)
You can't see any susceptible monsters within range! (Use Z to cast anyway.)
You can't see any susceptible monsters within range! (Use Z to cast anyway.) Key pressed, stopping explore.
Key pressed, stopping explore.
You open the door.
There is an open door here.
A gnoll comes into view.
It is wielding a +0 flail of holy wrath.
The gnoll shouts!
You hear a shout!
A gnoll comes into view.
It is wielding a +0 halberd. 😎 HP[+3] MP[+5]
Your hp is fully restored (45).
Your mp is fully restored (16).
Unknown command.
The magic dart hits the gnoll.
The gnoll shouts!
A gnoll comes into view. It is wielding a +0 spear. x2 😎 MP[-1]
You lost 1 mp, and now have 15/16 mp.
The magic dart hits the gnoll.
The gnoll shouts!
The magic dart hits the gnoll.
The magic dart hits the gnoll.
You kill the gnoll!
The magic dart hits the gnoll.
The magic dart hits the gnoll.
The gnoll hits you from afar with a +0 halberd!
You are too injured to fight recklessly!
You are too injured to fight recklessly!
You are too injured to fight recklessly! 😕 HP[-10] MP[-7]
You take 10 damage, and now have 35/45 hp.
MASSIVE DAMAGE!! (PAUSE)
You lost 7 mp, and now have 8/16 mp.
Casting: Magic Dart (safe; 1% risk of failure)
Confirm with . or Enter, or press ? or * to list all spells.
The spell is extremely dangerous to miscast (22% risk of failure)!
Continue anyway?
You conjure a globe of magical energy.
The gnoll hits you from afar with a +0 spear. x2
The gnoll closely misses you. 😮 HP[-6] MP[-4]
You take 6 damage, and now have 29/45 hp.
You lost 4 mp, and now have 4/16 mp.
Aiming: Magic Dart (safe; 1% risk of failure)
Press: ? - help, Q - select action, (/) - cycle Shift-Dir - straight line, f/p - gnoll
Aim: a gnoll, wielding a +0 halberd (severely wounded, 100% to hit)
The magic dart hits the gnoll but does no damage.
Your battlesphere fires!
The barrage of energy hits the gnoll.
The gnoll hits you from afar with a +0 spear. x2
The gnoll barely misses you. 😮 HP[-6] MP[-2]
You take 6 damage, and now have 23/45 hp.
You lost 2 mp, and now have 2/16 mp.
Aiming: Magic Dart (safe; 1% risk of failure)
Press: ? - help, Q - select action, (/) - cycle Shift-Dir - straight line, f/p - gnoll
Aim: a gnoll, wielding a +0 halberd (severely wounded, 100% to hit)
The magic dart hits the gnoll.
Your battlesphere fires!
The barrage of energy hits the gnoll.
The gnoll hits you from afar with a +0 spear!
* * * LOW HITPOINT WARNING * * *
The gnoll misses you.
The gnoll hits you from afar with a +0 halberd!
You die...

Skill      XL: |  1  2  3  4  5 |
---------------+----------------+-----
Spellcasting   | 2 3 4 |  4.6
Conjurations   | 4 5 |  5.3
Dodging        | |  1.7
Stealth        | |  1.7

Action                   |  1- 3 |  4- 6 || total
-------------------------+-------+-------++-------
Melee: Dagger            |       |    12 ||    12
 Cast: Magic Dart        |    66 |   156 ||   222
       Searing Ray       |     2 |     2 ||     4
       Iskenderun's Batt |       |     2 ||     2
  Use: Potion            |     1 |       ||     1
       Scroll            |       |    10 ||    10
Armor: Robe              |     1 |     3 ||     4
Dodge: Dodged            |     6 |    40 ||    46

Levels and vault maps discovered:
D:1:      heliophobic_arrival_glass_houses, layout_rooms,
          ebering_ecumenical_altar_sacrificial
D:2:      layout_basic, serial_shops, nicolae_shop_stone, nicolae_diamond_shop,
          nicolae_shop_behind_doors, nicolae_shop_trees, uniq_jessica,
          uniq_terence
D:3:      kennysheep_six_static_rooms, layout_basic,
          lemuel_zombie_altar_yredelemnul, dancing_weapons_uskayaw,
          old_standard_altar, serial_shops, shop, st_stairs_5
D:4:      layout_gridville, lemuel_doored_altar
D:5:      kennysheep_big_flooded_room, layout_basic, ebering_ghost_sewer_f

Notes
Turn   | Place    | Note
-------+----------+-------------------------------------------
     0 | D:1      | spaghetti the Demigod Conjurer began the quest for the Orb.
     0 | D:1      | Reached XP level 1. HP: 14/14 MP: 5/5
     0 | D:1      | magus.rc [v1.9.6]
    83 | D:1      | Reached skill level 2 in Spellcasting
   292 | D:1      | Reached XP level 2. HP: 20/20 MP: 6/8
   596 | D:1      | Learned a level 2 spell: Searing Ray
   690 | D:2      | Noticed Terence
   709 | D:1      | HP: 2/20 [Terence/+0 short sword (7)]
   710 | D:1      | Killed Terence
   711 | D:1      | Reached skill level 3 in Spellcasting
   711 | D:1      | Reached XP level 3. HP: 2/26 MP: 0/10
  1220 | D:2      | Found Tomyrch's Distillery.
  1265 | D:2      | Found Zibiun's Antique Weapon Shoppe.
  1271 | D:2      | Noticed Jessica
  1274 | D:2      | Killed Jessica
  1380 | D:2      | Found Erroeb's Book Shoppe.
  1470 | D:2      | Reached XP level 4. HP: 33/33 MP: 9/12
  1565 | D:2      | Found Udairaer's Antique Weapon Shoppe.
  1846 | D:2      | You pick up a book of Power and begin reading...
  1846 | D:2      | You add the spells Iskenderun's Battlesphere, Iron Shot and
                  | Spellforged Servitor to your library.
  1922 | D:3      | Noticed a +0 hand axe
  1923 | D:3      | Noticed a +0 dagger
  1941 | D:3      | Learned a level 4 spell: Fulminant Prism
  2242 | D:3      | Found Taaf's Jewellery Shoppe.
  2414 | D:3      | Reached skill level 4 in Spellcasting
  2574 | D:3      | Reached skill level 4 in Conjurations
  3055 | D:3      | Reached XP level 5. HP: 38/38 MP: 6/14
  3544 | D:4      | Learned a level 5 spell: Iskenderun's Battlesphere
  4085 | D:4      | Noticed an ogre
  4092 | D:4      | Killed an ogre
  4093 | D:4      | Reached skill level 5 in Conjurations
  4093 | D:4      | Reached XP level 6. HP: 33/45 MP: 4/16
  4521 | D:5      | Entered Level 5 of the Dungeon
  4598 | D:5      | Slain by a gnoll

Vanquished Creatures
  An ogre (D:4)
  A scorpion (D:4)
  A hound (D:3)
  Jessica (D:2)
  Terence (D:1)
  A hound zombie (D:3)
  A gnoll (D:5)
  3 adders
  An ufetubus (D:5)
  2 worms
  3 dart slugs (D:3)
  11 orcs
  3 ball pythons
  6 bats
  8 endoplasms
  2 giant cockroaches (D:1)
  8 goblins
  6 hobgoblins
  8 jackals
  8 kobolds
  4 quokkas
  8 frilled lizards
  A jackal zombie (D:3)
  4 rats
93 creatures vanquished.

Table legend:
 A = Non-vault XP
 B = Vault XP
 C = Vault XP percentage of total XP
 D = Non-vault monster count
 E = Vault monster count
 F = Vault count percentage of total count
                 A         B        C        D         E       F
            +---------+---------+-------+---------+---------+-------
      Total |     446 |     118 |  20.9 |      80 |      13 |  14.0
            +---------+---------+-------+---------+---------+-------
        D:1 |      27 |      32 |  54.2 |      16 |       1 |   5.9
        D:2 |      31 |      37 |  54.4 |      16 |       1 |   5.9
        D:3 |      88 |      49 |  35.8 |      19 |      11 |  36.7
        D:4 |     278 |       0 |   0.0 |      27 |       0 |   0.0
        D:5 |      22 |       0 |   0.0 |       2 |       0 |   0.0
            +---------+---------+-------+---------+---------+-------

Illustrated notes

Table legend:
 A = Kills in this place as a percentage of kills in entire the game.
 B = Kills by you in this place as a percentage of kills by you in the entire game.
 C = Kills by friends in this place as a percentage of kills by friends in the entire game.
 D = Other kills in this place as a percentage of other kills in the entire game.
 E = Experience gained in this place as a percentage of experience gained in the entire game.
 F = Experience gained in this place divided by the number of levels of this place that you have seen.
                   A       B       C       D       E      F
               +-------+-------+-------+-------+-------+----------------------
         Total | 100.0 | 100.0 |   N/A |   N/A | 100.0 | 112.8
       Dungeon | 100.0 | 100.0 |   N/A |   N/A | 100.0 | 112.8
               +-------+-------+-------+-------+-------+----------------------

Table legend: (Time is in decaauts)
 A = Elapsed time spent in this place.
 B = Non-inter-level travel time spent in this place.
 C = Inter-level travel time spent in this place.
 D = Time resting spent in this place.
 E = Time spent auto-exploring this place.
 F = Levels seen in this place.
 G = Mean time per level.
                   A        B        C        D        E       F      G
               +--------+--------+--------+--------+--------+-----+--------+
         Total |   4592 |   4527 |     65 |    612 |   3441 |   5 |  918.4 |
       Dungeon |   4592 |   4527 |     65 |    612 |   3441 |   5 |  918.4 |
               +--------+--------+--------+--------+--------+-----+--------+

Top non-repeatable levels by time:
     D:3: 1356 daAuts
     D:4: 1250 daAuts
     D:1: 996 daAuts
     D:2: 913 daAuts
     D:5: 76 daAuts
